 Dungeon Crawl Stone Soup version 0.22.1-2-g9c5b331383 (webtiles) character file.

88 DildoBatman the Conjurer (level 4, -5/30 HPs)
             Began as a Formicid Wizard on Dec 3, 2018.
             Killed from afar by an orc wizard (11 damage)
             ... with a puff of flame
             ... on level 3 of the Dungeon.
             The game lasted 00:08:25 (2216 turns).

DildoBatman the Conjurer (Formicid Wizard)          Turns: 2216, Time: 00:08:25

Health: -5/30      AC:  3    Str: 11    XL:     4   Next: 82%
Magic:  2/8        EV: 11    Int: 19    God:
Gold:   51         SH:  0    Dex:  9    Spells: 3/9 levels left

rFire    . . .     SeeInvis +   a - +3 short sword
rCold    . . .     Gourm    .   (no shield)
rNeg     . . .     Faith    .   g - +0 leather armour
rPois    .         Spirit   .   (helmet unavailable)
rElec    .         Reflect  .   (no cloak)
rCorr    .         Harm     .   (no gloves)
MR       .....                  (no boots)
Stlth    ++........             (no amulet)
HPRegen  0.10/turn              (no ring)
MPRegen  0.11/turn              (no ring)

@: very slightly contaminated
A: permanent stasis, dig shafts and tunnels, four strong arms, antennae 3
a: Dig, Shaft Self


You were on level 3 of the Dungeon.
You were near starving.

You visited 1 branch of the dungeon, and saw 3 of its levels.

You collected 51 gold pieces.

Inventory:

Hand Weapons
 a - a +3 short sword (weapon)
 b - a +0 spear
Missiles
 c - 87 arrows
 d - 186 stones (quivered)
 p - 54 sling bullets
 t - 5 poisoned needles
Armour
 g - a +0 leather armour (worn)
Scrolls
 e - 2 scrolls of teleportation {unknown}
 l - 5 scrolls of identify {unknown}
 n - 2 scrolls of magic mapping {unknown}
 q - a scroll of enchant weapon {unknown}
 s - a scroll of amnesia {unknown}
Potions
 f - a potion of haste {unknown}
 h - a potion of curing {unknown}
 i - a potion of heal wounds {unknown}
 j - a potion of resistance {unknown}
 k - a potion of flight {unknown}
 m - a potion of degeneration {unknown}
 r - a potion of lignification {unknown}
Comestibles
 v - 2 rations


   Skills:
 * Level 0.8 Short Blades
 - Level 1.7 Dodging
 - Level 2.4 Stealth
 - Level 3.2 Spellcasting
 * Level 3.6 Conjurations
   Level 1.0 Summonings
   Level 0.8 Translocations
 * Level 0.0 Air Magic
 * Level 0.2 Poison Magic


You had 3 spell levels left.
You knew the following spells:

 Your Spells              Type           Power        Failure   Level  Hunger
a - Slow                  Hex            #.......     30%         2    ##.....
c - Magic Dart            Conj           ###.         4%          1    None
e - Mephitic Cloud        Conj/Pois/Air  #.......     34%         3    ###....

Your spell library contained the following spells:

 Spells                   Type           Power        Failure   Level  Hunger
 Call Imp                 Summ           #.......     21%         2    ##.....
 Conjure Flame            Conj/Fire      ##......     28%         3    ###....
 Blink                    Tloc           Unusable     N/A         2    N/A

Dungeon Overview and Level Annotations

Branches:
Dungeon (3/15)

Altars:
Fedhas
Nemelex Xobeh


Innate Abilities, Weirdness & Mutations

You cannot be hasted, slowed, berserked, paralysed or teleported.
You can dig through walls and to a lower floor.
Your four strong arms can wield two-handed weapons with a shield.
You have a pair of large antennae on your head. (SInv)


Message History

Press: ? - help, Shift-Dir - straight line, f/p - orc wizard
Aim: an orc wizard, wielding a dagger and wearing a robe You miscast Mephitic Cloud.
You feel electric!
Casting: Mephitic Cloud (safe; 34% risk of failure)
Confirm with . or Enter, or press ? or * to list all spells.
You don't have enough magic to cast that spell.
The orc wizard closely misses you.
You see here a dagger.
You hit the orc wizard.
The orc wizard is heavily wounded.
The orc wizard hits you but does no damage.
You hit the orc wizard but do no damage.
The orc wizard is heavily wounded.
The orc wizard hits you with a dagger.
You closely miss the orc wizard.
The orc wizard is heavily wounded.
The orc wizard points at you and mumbles some strange words.
The puff of flame hits you!
You die...

#.#..)..................
#.#....##.#.............
#.#....<#.####.#.#.#.#.
#..###..#.# #.#...# #.##
##.#.# #.##..# #
#.#####.#.# #.##..#.# #
#.......#.####.###.#.#.#
#######....%.#.###>....#
#@######.......###
#o.<..#####.####
#..##..# #.# ......##.##
#.# #####.##...###.#
###.....##.#
###.......#.#
#....._.....# #######
#.#.......###


You could see an orc wizard.

Vanquished Creatures
  3 adders
  2 oozes (D:1)
  A worm (D:3)
  A dart slug (D:1)
  A leopard gecko (D:1)
  2 orcs (D:3)
  2 giant cockroaches (D:1)
  9 goblins
  3 hobgoblins
  5 jackals (D:2)
  A quokka (D:2)
  2 bats
  6 frilled lizards
  4 kobolds
  4 rats
46 creatures vanquished.

Vanquished Creatures (others)
  A bat (D:2)
1 creature vanquished.

Grand Total: 47 creatures vanquished

Notes
Turn   | Place    | Note
-------+----------+-------------------------------------------
     0 | D:1      | DildoBatman the Formicid Wizard began the quest for the
                  | Orb.
     0 | D:1      | Reached XP level 1. HP: 13/13 MP: 4/4
    70 | D:1      | Reached skill level 1 in Conjurations
   229 | D:1      | Reached XP level 2. HP: 19/19 MP: 1/6
   490 | D:1      | Reached XP level 3. HP: 24/24 MP: 2/7
   494 | D:1      | Learned a level 2 spell: Slow
   498 | D:1      | Learned a level 3 spell: Mephitic Cloud
  1236 | D:2      | Reached XP level 4. HP: 13/30 MP: 0/8
  1495 | D:2      | Found a sparkling altar of Nemelex Xobeh.
  1671 | D:3      | Found a blossoming altar of Fedhas.
  2216 | D:3      | Killed from afar by an orc wizard

Skill      XL: |  1  2  3 |
---------------+----------+-----
Conjurations   | 1 2 3 |  3.6
Short Blades   | |  0.8
Dodging        | |  1.7
Stealth        | |  2.4
Spellcasting   | |  3.2
Summonings     | |  1.0
Translocations | |  0.8
Poison Magic   | |  0.2

Action                   |  1- 3 |  4- 6 || total
-------------------------+-------+-------++-------
Melee: Unarmed           |     9 |       ||     9
       Club              |    30 |       ||    30
       Spear             |    15 |     7 ||    22
       Short sword       |       |    29 ||    29
       Falchion          |       |     3 ||     3
Throw: Stone             |       |    13 ||    13
 Cast: Magic Dart        |    69 |    17 ||    86
       Mephitic Cloud    |       |     6 ||     6
 Abil: Dig               |     2 |     4 ||     6
 Stab: Confused          |       |     2 ||     2
       Sleeping          |       |     1 ||     1
  Eat: Chunk             |     1 |     3 ||     4
Armor: Robe              |    11 |     2 ||    13
Dodge: Dodged            |    51 |    13 ||    64
